 Seeded DCSS version 0.30-a0-414-gcb316572d5 (webtiles) character file.

Game seed: 20221208 (custom seed)

4 flotson the Sneak (level 1, 0/18 HPs)
             Began as a Demonspawn Delver on Dec 8, 2022.
             Slain by an orc
             ... wielding a +0 falchion
              (6 damage)
             ... on level 4 of the Dungeon.
             The game lasted 00:00:37 (53 turns).

flotson the Sneak (Demonspawn Delver)                 Turns: 53, Time: 00:00:37

Health: 0/18       AC:  3    Str: 12    XL:     1   Next: 58%
Magic:  1/1        EV: 11    Int: 11    God:
Gold:   4          SH:  0    Dex: 14    Spells: 0/0 levels left

rFire   . . .      SeeInvis .    a - +0 hand axe
rCold   . . .      Faith    .    (no shield)
rNeg    . . .      Spirit   .    b - +0 leather armour
rPois   .          Reflect  .    (no helmet)
rElec   .          Harm     .    (no cloak)
rCorr   .          Rampage  .    (no gloves)
Will    .....                    (no boots)
Stlth   ++........               (no amulet)
HPRegen 0.23/turn                (no ring)
MPRegen 0.07/turn                (no ring)

@: hasted, very quick
A: no striking features
a: no special abilities


You were on level 4 of the Dungeon.
You visited 1 branch of the dungeon, and saw 2 of its levels.

You collected 4 gold pieces.

Inventory:

Hand Weapons
 a - a +0 hand axe (weapon)
Armour
 b - a +0 leather armour (worn)
 h - a +0 chain mail
Wands
 g - a wand of digging (3)
Scrolls
 c - a scroll of fog
 d - a scroll of magic mapping
 e - a scroll of fear


   Skills:
 + Level 3.0 Fighting
 + Level 1.9 Axes
 + Level 0.2 Armour
 + Level 1.8 Dodging
 + Level 4.5 Stealth
 + Level 0.2 Evocations


You couldn't memorise any spells.
You didn't know any spells.
Your spell library was empty.

Dungeon Overview and Level Annotations

Branches:
Dungeon (5/15)
 Temple: D:4-7

Altars:
Okawaru


Message History

An orc comes into view. It is wielding a +0 short sword.
The orc throws a boomerang.
The boomerang hits you.
The orc throws a boomerang.
The boomerang closely misses you.
Found 9 gold pieces.
The goblin attacks as you move away! The goblin hits you but does no damage.
The goblin attacks as you move away! The goblin hits you with a +0 club.
The goblin hits you with a +0 club. The goblin attacks as you move away!
The goblin hits you with a +0 club.
The giant cockroach attacks as you move away!
The giant cockroach closely misses you.
Found a scroll labelled DIHETT DAOTS.
The goblin attacks as you move away! The goblin closely misses you.
You see here 9 gold pieces.
The giant cockroach barely misses you.
You see here a scroll labelled DIHETT DAOTS.
You hit the giant cockroach.
You kill the giant cockroach!
You miss the goblin. The goblin barely misses you.
You barely miss the goblin. The goblin hits you with a +0 club.
You closely miss the goblin. The goblin hits you with a +0 club.
You feel yourself speed up. The goblin barely misses you.
You closely miss the goblin. The goblin completely misses you.
You slash the goblin!
You kill the goblin!
You completely miss the orc. You hit the orc but do no damage.
You slash the orc!
You kill the orc!
You hit the orc. You closely miss the orc. You punch the orc.
The orc is heavily wounded.
You hit the orc.
You hear a shout!
You closely miss the orc.
The orc is heavily wounded.
You barely miss the orc. The orc hits you but does no damage.
The orc hits you with a +0 falchion.
You hit the orc.
The orc is severely wounded.
You closely miss the orc. The orc barely misses you.
The orc hits you with a +0 falchion.
You die...

### #.## ##..## #....#
#....# #@oo.# ##o..#
#....#... ##.....#
##..##.## ### ##oo.#
... #.## #....#.....
##..######o...........
#....#.##...#.##......


You could see 3 orcs.

Vanquished Creatures
  An orc (D:4)
  A giant cockroach (D:4)
  A goblin (D:4)
3 creatures vanquished.

Notes
Turn   | Place    | Note
-------+----------+-------------------------------------------
     0 | D:5      | flotson the Demonspawn Delver began the quest for the Orb.
     0 | D:5      | Reached XP level 1. HP: 18/18 MP: 1/1
     6 | D:4      | Found an iron altar of Okawaru.
    53 | D:4      | Slain by an orc

Illustrated notes

Levels and vault maps discovered:
D:4:      layout_cave_pools, okawaru_metal_pillars_1_2,
          minmay_temple_entry_proselytizer, serial_shops,
          nicolae_shop_advertising_works [nicolae_subvault_shop_adworks],
          gup_ossuary_entry_pyramid
D:5:      layout_basic, lemuel_crystal_altar, nicolae_elyvilon_peaceful_grove,
          dk_xom_monty_hall

Action                   || total
-------------------------++-------
Melee: Hand axe          ||    11
       Punch             ||     1
  Use: Potion            ||     1
Armor: Leather armour    ||     4
Dodge: Dodged            ||    11

Table legend: (Time is in decaauts)
 A = Elapsed time spent in this place.
 B = Non-inter-level travel time spent in this place.
 C = Inter-level travel time spent in this place.
 D = Time resting spent in this place.
 E = Time spent auto-exploring this place.
 F = Levels seen in this place.
 G = Mean time per level.
                   A        B        C        D        E       F      G
               +--------+--------+--------+--------+--------+-----+--------+
         Total |     52 |     52 |      0 |      0 |      0 |   2 |   26.0 |
       Dungeon |     52 |     52 |      0 |      0 |      0 |   2 |   26.0 |
               +--------+--------+--------+--------+--------+-----+--------+

Top non-repeatable levels by time:
     D:4: 46 daAuts
     D:5: 6 daAuts
